 Dungeon Crawl Stone Soup version 0.23.0 (webtiles) character file.

Game seed: 3040100735742392045

200 Lavandula the Twirler (level 5, -3/30 HPs)
             Began as a Gargoyle Gladiator on Feb 13, 2019.
             Splashed by Pikel's acid (6 damage)
             ... on level 5 of the Dungeon.
             The game lasted 00:05:32 (1935 turns).

Lavandula the Twirler (Gargoyle Gladiator)          Turns: 1935, Time: 00:05:34

Health: -3/30      AC:  8    Str: 19    XL:     5   Next: 79%
Magic:  5/5        EV: 12    Int:  8    God:
Gold:   113        SH:  0    Dex: 11    Spells: 4/4 levels left

rFire    + . .     SeeInvis .   a - +0 quarterstaff
rCold    . . .     Gourm    .   (shield currently unavailable)
rNeg     + . .     Faith    .   b - +0 leather armour
rPois    ∞         Spirit   .   c - +0 helmet
rElec    +         Reflect  .   (no cloak)
rCorr    +         Harm     .   (no gloves)
MR       .....                  (no boots)
Stlth    +.........             n - amulet of magic regeneration
HPRegen  0.10/turn              e - ring of resist corrosion
MPRegen  0.34/turn              h - ring of protection from fire

@: hasted, very quick
A: negative energy resistance 1, electricity resistance, unbreathing,
petrification resistance, rot immunity, AC +4
a: no special abilities


You were on level 5 of the Dungeon.
You were not hungry.

You visited 1 branch of the dungeon, and saw 5 of its levels.

You collected 113 gold pieces.

Inventory:

Hand Weapons
 a - a +0 quarterstaff (weapon)
 s - a +2 mace of venom
Missiles
 d - 3 throwing nets
 k - 4 tomahawks (quivered)
 v - 2 silver tomahawks
Armour
 b - a +0 leather armour (worn)
 c - a +0 helmet (worn)
Magical Staves
 u - an uncursed staff of death
Jewellery
 e - a ring of resist corrosion (left hand)
 h - a ring of protection from fire (right hand)
 n - an amulet of magic regeneration (around neck)
 r - an uncursed ring of protection from fire
Scrolls
 i - 2 scrolls of teleportation {unknown}
 j - 3 scrolls of remove curse {unknown}
 l - a scroll of enchant armour {unknown}
 m - a scroll of blinking {unknown}
 p - a scroll of fear {unknown}
 q - a scroll of immolation {unknown}
 t - a scroll of noise {unknown}
Comestibles
 f - 4 rations


   Skills:
 - Level 2.1 Fighting
 + Level 6.3 Staves
 - Level 1.7 Throwing
 - Level 2.4 Dodging


You had 4 spell levels left.
You didn't know any spells.
Your spell library was empty.

Dungeon Overview and Level Annotations

Branches:
Dungeon (5/15)
 Temple: D:4-7

Altars:

Annotations:
D:5 3 runed translucent doors, Pikel


Innate Abilities, Weirdness & Mutations

You are resistant to torment.
Your stone body is resilient. (AC +4)
You are immune to poison.
You resist negative energy. (rN+)
You are resistant to electric shocks. (rElec)
You can survive without breathing.
You are immune to petrification.
You are immune to rotting.


Message History

Pikel is moderately wounded.
You barely miss Pikel.
Pikel is moderately wounded.
Pikel barely misses you.
You closely miss Pikel.
Pikel is moderately wounded.
Pikel zaps a wand.
The bolt of acid hits you! You resist.
You are splashed with acid!
You resist.
You closely miss Pikel.
Pikel is moderately wounded.
You miss Pikel.
Pikel is moderately wounded.
Pikel hits you with a +1 whip of flaming.
Unknown command.
You miss Pikel.
Pikel is moderately wounded.
Pikel zaps a wand.
The bolt of acid hits you! You resist.
* * * LOW HITPOINT WARNING * * *
You are splashed with acid.
You resist.
You die...

. #. ... ##
. #.## #.
#.. #. . #.
.. # ##
.#####.###.#
#
..........#
#@# #K#


ppp ..p.. ....... #.......# #.......# #.......# You could see Pikel and 4
slaves.

Vanquished Creatures
  A scorpion (D:4)
  A worker ant (D:4)
  A hound skeleton (D:4)
  3 adders
  A worm (D:2)
  A dart slug (D:1)
  6 leopard geckos
  13 orcs
  5 bats
  4 giant cockroaches
  3 hobgoblins
  10 jackals
  3 kobolds
  A quokka (D:3)
  4 frilled lizards
  3 goblins
  3 rats
63 creatures vanquished.

Vanquished Creatures (others)
  An orc (D:5)
1 creature vanquished.

Grand Total: 64 creatures vanquished

Notes
Turn   | Place    | Note
-------+----------+-------------------------------------------
     0 | D:1      | Lavandula the Gargoyle Gladiator began the quest for the
                  | Orb.
     0 | D:1      | Reached XP level 1. HP: 12/12 MP: 1/1
    97 | D:1      | Reached XP level 2. HP: 17/17 MP: 2/2
   252 | D:2      | Reached skill level 4 in Staves
   312 | D:2      | Reached XP level 3. HP: 21/21 MP: 3/3
   853 | D:3      | Reached XP level 4. HP: 24/26 MP: 4/4
   965 | D:4      | Reached skill level 5 in Staves
  1104 | D:4      | Reached XP level 5. HP: 22/30 MP: 5/5
  1227 | D:5      | Entered Level 5 of the Dungeon
  1577 | D:5      | Noticed a slave
  1577 | D:5      | Noticed a slave
  1648 | D:5      | Found a runed translucent gate.
  1648 | D:5      | Found a runed translucent gate.
  1648 | D:5      | Found a runed translucent gate.
  1650 | D:5      | Noticed a centaur
  1691 | D:4      | Reached skill level 6 in Staves
  1717 | D:5      | Noticed a slave
  1718 | D:5      | Noticed a slave
  1920 | D:5      | Noticed Pikel
  1935 | D:5      | Splashed by Pikel's acid

Skill      XL: |  1  2  3  4  5 |
---------------+----------------+-----
Staves         | 4 5 6 |  6.3
Fighting       | |  2.1
Throwing       | |  1.7
Dodging        | |  2.4

Action                   |  1- 3 |  4- 6 || total
-------------------------+-------+-------++-------
Melee: Quarterstaff      |    86 |   135 ||   221
Throw: Tomahawk          |       |     3 ||     3
  Use: Potion            |       |     3 ||     3
  Eat: Ration            |       |     1 ||     1
Armor: Leather armour    |    37 |    54 ||    91
Dodge: Dodged            |    66 |    72 ||   138
